 Dungeon Crawl Stone Soup version 0.31-a0-846-gb3bcc0d938 (webtiles) character file.

Game seed: 11455054411845059101

3913 Bnni the Jinx (level 10, -6/68 HPs)
             Began as a Formicid Hexslinger on Oct 4, 2023.
             Was a Believer of Hepliaklqana.
             Mangled by Grum
             ... wielding a -1 spear
              (19 damage)
             ... in a bailey.
             The game lasted 00:16:09 (6744 turns).

Bnni the Jinx (Formicid Hexslinger)                 Turns: 6744, Time: 00:16:10

Health: -6/68      AC:  3    Str: 13    XL:     10   Next: 43%
Magic:  2/18       EV: 12    Int: 13    God:    Hepliaklqana [**....]
Gold:   411        SH:  0    Dex: 20    Spells: 5/20 levels left

rFire   . . .        a - +1 sling
rCold   + . .        (no shield)
rNeg    . . .        c - +0 robe
rPois   .            (helmet unavailable)
rElec   .            k - +0 cloak
rCorr   .            (no gloves)
SInv    +            (no boots)
Will    +....        e - amulet of faith
Stlth   ++           l - ring of protection from cold
HPRegen 0.31/turn    (no ring)
MPRegen 0.16/turn

%: faith
@: weakened
A: reduced essence, permanent stasis, dig shafts and tunnels, antennae 3, four
strong arms
a: Dig, Renounce Religion, Recall Ancestor, Ancestor Identity


You were in a bailey.
You worshipped Hepliaklqana.
Hepliaklqana was pleased with you.
You visited 2 branches of the dungeon, and saw 8 of its levels.
You also visited: Sewer and Bailey.

You collected 523 gold pieces.
You spent 112 gold pieces at shops.

Inventory:

Hand Weapons
 a - a +1 sling (weapon)
Missiles
 g - 3 poisoned darts
 B - a throwing net
Armour
 c - a +0 robe (worn)
 k - a +0 cloak (worn)
Jewellery
 d - an amulet of the acrobat
 e - an amulet of faith (around neck)
 l - a ring of protection from cold (left hand)
 t - an amulet of guardian spirit
Wands
 h - a wand of flame (5)
 o - a wand of digging (4)
 z - a wand of iceblast (13)
Scrolls
 b - 2 scrolls of poison
 m - a scroll of enchant weapon
 q - 2 scrolls of revelation
 r - 2 scrolls of enchant armour {unknown}
 w - a scroll of amnesia {unknown}
 x - 2 scrolls of brand weapon
 y - 2 scrolls of fear {unknown}
 A - a scroll of fog
Potions
 f - 2 potions of brilliance {unknown}
 i - 2 potions of curing
 j - 2 potions of attraction {unknown}
 n - a potion of degeneration {unknown}
 p - 2 potions of haste {unknown}
 s - a potion of invisibility {unknown}
 u - 2 potions of might {unknown}


   Skills:
 + Level 6.1 Fighting
 * Level 8.1 Ranged Weapons
 - Level 1.7 Dodging
 + Level 5.6 Spellcasting
 * Level 10.0 Hexes
 - Level 1.0 Fire Magic
 + Level 5.6 Invocations


You had 5 spell levels left.
You knew the following spells:

 Your Spells              Type           Power      Damage    Failure   Level
a - Jinxbite              Hex            58%        N/A       1%          2
b - Inner Flame           Hex/Fire       18%        N/A       5%          3
d - Cause Fear            Hex            14%        N/A       2%          4
f - Dazzling Flash        Conj/Hex       32%        N/A       7%          3
o - Sigil of Binding      Hex            29%        N/A       1%          3

Your spell library contained the following spells:

 Spells                   Type           Power      Damage    Failure   Level
 Dimensional Bullseye     Hex/Tloc       8%         N/A       22%         4
 Lesser Beckoning         Tloc           6%         N/A       26%         2
 Momentum Strike          Conj/Tloc      6%         3d8       26%         2
 Sublimation of Blood     Necr           3%         N/A       26%         2
 Wereblood                Tmut           3%         N/A       26%         2
 Volatile Blastmotes      Fire/Tloc      8%         2d10      41%         3
 Animate Dead             Necr           3%         N/A       87%         4
 Starburst                Conj/Fire      2%         6d3       100%        6
 Haunt                    Necr/Summ      1%         N/A       100%        7
 Summon Hydra             Summ           1%         N/A       100%        7
 Infestation              Necr           1%         N/A       100%        8
 Maxwell's Capacitive Co  Air            1%         ∞         100%        8
 Blink                    Tloc           Unusable   N/A       N/A         2

Dungeon Overview and Level Annotations

Branches:
Dungeon (7/15)             Temple (1/1) D:4           Sewer (visited)
 Bailey (1/1)

Altars:
Ashenzari
Cheibriados
Dithmenos
Elyvilon
Fedhas
Gozag
Hepliaklqana
Makhleb
Okawaru
Qazlal
Ru
Sif Muna
Trog
Uskayaw
Vehumet
Xom
Yredelemnul
Zin

Shops:
D:3 !

Annotations:
D:3 1 runed translucent door, Oronoi's ghost, amateur DjIE
Temple 4 transporters Bailey Grum


Innate Abilities, Weirdness & Mutations

Your life essence is reduced to manifest your ancestor. (-10% HP)
You cannot be hasted, slowed, berserked, paralysed or teleported.
You can dig through walls and to a lower floor.
You have a pair of large antennae on your head. (SInv)
Your four strong arms can wield two-handed weapons with a shield.


Message History

The sling bullet hits Grum but does no damage.
Tankster McGee hits Grum with a +0 flail!
Unknown command.
Unknown command.
Unknown command.
Fire: a) +1 sling
Press: ? - help, Shift-Dir - straight line, f/p - Grum
Aim: Grum, wielding a -1 spear and wearing a +0 animal skin (lightly wounded, ally target, 71% to hit)
You shoot a sling bullet. Tankster McGee avoids your attack.
The sling bullet closely misses Grum.
Grum barely misses you.
Unknown command.
Fire: a) +1 sling
Press: ? - help, Shift-Dir - straight line, f/p - Grum
Aim: Grum, wielding a -1 spear and wearing a +0 animal skin (lightly wounded, ally target, 71% to hit)
You shoot a sling bullet. Tankster McGee avoids your attack.
The sling bullet hits Grum.
Grum is moderately wounded.
Tankster McGee hits Grum with a +0 flail!
Grum hits you from afar with a -1 spear.
* * * LOW HITPOINT WARNING * * *
Unknown command.
Aiming: Paralyse
Press: ? - help, Shift-Dir - straight line, f/p - Grum
Aim: Grum, wielding a -1 spear and wearing a +0 animal skin (heavily wounded, ally target, chance to affect: 57%) Tankster McGee avoids your attack.
Grum resists with significant effort.
The now-empty wand crumbles to dust.
Grum hits you from afar with a -1 spear.
* * * LOW HITPOINT WARNING * * *
The gnoll bouda gazes fiercely through you!
You feel your attacks grow feeble.
Tankster McGee hits Grum with a +0 flail!
Unknown command.
Fire: a) +1 sling
Press: ? - help, Shift-Dir - straight line, f/p - Grum
Aim: Grum, wielding a -1 spear and wearing a +0 animal skin (almost dead, ally target, 71% to hit)
You shoot a sling bullet. Tankster McGee avoids your attack.
The sling bullet closely misses Grum.
The sling bullet hits the gnoll bouda!
The gnoll bouda is heavily wounded.
Grum hits you from afar with a -1 spear!!
You die...

♣≈....).)...8..)'..)
♣≈....))#......)#...
♣≈..##'###.....#####
♣≈.g#....##...##{{
♣≈..#.....##### {
♣≈..#....... {
♣≈.g##.....g. {
♣≈.R.##.8.... {##
♣≈≈@..####### #.
♣♣≈≈≈≈≈≈≈≈≈≈≈ ≈≈≈≈≈≈
♣♣♣♣♣♣♣♣♣♣♣♣ ♣♣♣♣♣♣


You could see the friendly Tankster McGee the knight, Grum (ally target) and a
gnoll bouda.

Vanquished Creatures
  A troll (D:5)
  Grinder (D:5)
  A water moccasin (D:5)
  Pargi (Sewer)
  3 black bears
  2 ice beasts
  2 ogres
  2 wolves (Bailey)
  A phantom (D:5)
  A scorpion (D:5)
  2 howler monkeys
  5 orc priests
  4 hounds
  2 jellies (D:6)
  4 gnoll boudas
  A sleepcap (D:5)
  5 iguanas
  3 orc wizards
  16 gnolls
  5 adders
  2 shadow imps (D:6)
  A white imp (D:5)
  An ufetubus (D:5)
  2 worms (D:2)
  A dart slug (D:2)
  21 orcs
  6 ball pythons
  8 endoplasms
  3 giant cockroaches (D:1)
  9 goblins
  10 hobgoblins
  4 jackals (D:1)
  6 kobolds
  7 quokkas
  14 bats
  11 frilled lizards
  9 rats
177 creatures vanquished.

Vanquished Creatures (collateral kills)
  Prince Ribbit (D:7)
  A shadow (D:5)
  An orc warrior (D:5)
  An ogre (D:5)
  A wolf (Bailey)
  2 gnoll sergeants (Bailey)
  3 scorpions
  A jelly (D:5)
  A hound (D:5)
  2 gnoll boudas (Bailey)
  2 sleepcaps
  4 iguanas
  An orc wizard (D:6)
  5 gnolls
  2 adders
  A white imp (D:5)
  3 orcs (D:5)
  A quokka (D:5)
  A frilled lizard (Sewer)
34 creatures vanquished.

Vanquished Creatures (others)
  An ancestor (D:5)
1 creature vanquished.

Grand Total: 212 creatures vanquished

Notes
Turn   | Place    | Note
-------+----------+-------------------------------------------
     0 | D:1      | Bnni the Formicid Hexslinger began the quest for the Orb.
     0 | D:1      | Reached XP level 1. HP: 15/15 MP: 2/2
    53 | D:1      | Reached XP level 2. HP: 15/21 MP: 3/3
    66 | D:1      | Learned a level 2 spell: Jinxbite
   113 | D:1      | Reached skill level 4 in Hexes
   227 | D:1      | Found a faded altar of an unknown god.
   332 | D:1      | Reached XP level 3. HP: 26/26 MP: 5/5
   937 | D:1      | Learned a level 3 spell: Inner Flame
  1023 | D:2      | Reached XP level 4. HP: 33/33 MP: 6/6
  1585 | D:3      | Found Podil's Distillery.
  1594 | D:3      | Bought a potion of curing for 42 gold pieces
  1594 | D:3      | Bought a potion of heal wounds for 70 gold pieces
  1689 | D:3      | Reached XP level 5. HP: 38/38 MP: 4/7
  2124 | D:3      | Found a runed translucent door.
  2126 | D:3      | Noticed Oronoi's ghost (amateur DjIE)
  2270 | D:3      | Reached skill level 5 in Hexes
  2418 | D:3      | Reached XP level 6. HP: 38/46 MP: 4/9
  2554 | D:3      | Learned a level 3 spell: Sigil of Binding
  2581 | D:4      | Found a staircase to the Ecumenical Temple.
  2609 | Temple   | Found a transporter.
  2609 | Temple   | Found a transporter.
  2609 | Temple   | Found a transporter.
  2609 | Temple   | Found a transporter.
  2609 | Temple   | Entered the Ecumenical Temple
  2627 | Temple   | Became a worshipper of Hepliaklqana the Forgotten
  2661 | D:4      | Noticed a black bear
  2672 | D:4      | Killed a black bear
  2756 | D:4      | Reached skill level 1 in Invocations
  2996 | D:4      | Reached XP level 7. HP: 29/51 MP: 9/11
  3439 | D:5      | Entered Level 5 of the Dungeon
  3476 | D:5      | Noticed a water moccasin
  3495 | D:5      | Killed a water moccasin
  3496 | D:5      | Reached skill level 6 in Hexes
  3646 | D:5      | Learned a level 4 spell: Cause Fear
  3685 | D:5      | Noticed Grinder
  3701 | D:5      | Killed Grinder
  3702 | D:5      | Reached skill level 5 in Ranged Weapons
  3702 | D:5      | Reached XP level 8. HP: 44/58 MP: 5/12
  3791 | D:5      | Found an iron altar of Okawaru.
  3876 | D:5      | Reached skill level 7 in Hexes
  3937 | D:5      | Reached * piety under Hepliaklqana
  4024 | D:5      | Found a glowing drain.
  4029 | Sewer    | Entered a sewer
  4108 | Sewer    | Noticed Pargi
  4115 | Sewer    | Killed Pargi
  4294 | D:5      | Found a radiant altar of Vehumet.
  4566 | D:5      | Learned a level 3 spell: Dazzling Flash
  4599 | D:5      | Reached XP level 9. HP: 56/59 MP: 15/15
  4670 | D:5      | Noticed a troll
  4722 | D:5      | Reached skill level 8 in Hexes
  5229 | D:5      | Reached skill level 5 in Fighting
  5455 | D:5      | Killed a troll
  5762 | D:6      | Reached ** piety under Hepliaklqana
  5763 | D:6      | Remembered your ancestor Tankster McGee as a knight
  5905 | D:6      | Reached skill level 5 in Spellcasting
  5905 | D:6      | Reached skill level 9 in Hexes
  6082 | D:6      | Reached XP level 10. HP: 66/66 MP: 17/17
  6183 | D:6      | Reached skill level 5 in Invocations
  6316 | D:7      | Found a flagged portal.
  6337 | D:7      | Noticed Prince Ribbit
  6345 | D:7      | Killed Prince Ribbit
  6368 | Bailey   | Entered a bailey
  6712 | Bailey   | Reached skill level 10 in Hexes
  6726 | Bailey   | Noticed Grum
  6729 | Bailey   | HP: 3/68 [gnoll sergeant/+0 glaive (18)]
  6744 | Bailey   | Mangled by Grum

Illustrated notes

Levels and vault maps discovered:
D:1:      evilmike_arrival_rings, layout_basic, basic_ecumenical_altar,
          minmay_pentomino_q4
D:2:      layout_rooms, serial_glass, glass_columns_a, glass_columns_a,
          glass_columns_a, glass_columns_b, glass_columns_b, glass_columns_c,
          glass_columns_c, glass_columns_a, grunt_ministairs_7,
          hangedman_decor_riveting, hex_tiny, amcnicky_mini_rare_corridor_liquid
D:3:      layout_basic, serial_shops, nicolae_shop_tiny_statue_garden,
          ebering_ghost_sewer_d, columned_hall_lemuel, minmay_lizard_king
D:4:      layout_loops_ring, minmay_temple_entry_stoned_glass
D:5:      kennysheep_windowed_halls, layout_loops_ring, portal_sewer_entry_e,
          kennysheep_small_spiral, hangedman_feature_mirror, uniq_grinder
D:6:      layout_basic, roderic_roman_lattice, glass_columns_a
D:7:      layout_cave_pools, lemuel_zombie_altar_kikubaaqudgha,
          kennysheep_mini_moat, serial_gnoll_camp, gnoll_camp_mini_hut,
          gnoll_camp_medium_02, gnoll_camp_mini_doghouse, gnoll_camp_mini_house,
          enter_bailey_2, uniq_prince_ribbit1
Temple:   hellmonk_temple_divided_pantheon
Bailey:   bailey_polearm_gnolls_kennysheep, bailey

Skill      XL: |  1  2  3  4  5  6  7  8  9 10 |
---------------+-------------------------------+-----
Hexes          | 4 5 6 7 9 10 | 10.0
Fighting       | 2 3 4 5 6 |  6.1
Ranged Weapons | 3 4 5 6 7 8 |  8.1
Spellcasting   | 2 3 4 5 |  5.6
Invocations    | 1 2 3 4 5 |  5.6
Dodging        | |  1.7
Fire Magic     | |  1.0

Action                     |  1- 3 |  4- 6 |  7- 9 | 10-12 || total
---------------------------+-------+-------+-------+-------++-------
   Fire: Sling             |   103 |   203 |   336 |    89 ||   731
   Cast: Jinxbite          |       |    10 |    14 |     3 ||    27
         Inner Flame       |       |     1 |     7 |     6 ||    14
         Sigil of Binding  |       |       |     3 |     1 ||     4
         Cause Fear        |       |       |     2 |     2 ||     4
         Dazzling Flash    |       |       |     2 |       ||     2
 Invoke: Ancestor Identity |       |       |     1 |       ||     1
         Recall Ancestor   |       |       |     2 |     1 ||     3
         Ancestor Life: Kn |       |       |     1 |       ||     1
Ability: Dig               |       |       |     1 |       ||     1
  Evoke: Wand              |       |       |       |     4 ||     4
    Use: Potion            |       |     3 |     1 |     2 ||     6
         Scroll            |       |       |     5 |     1 ||     6
 Armour: Robe              |    29 |    74 |    78 |    28 ||   209
  Dodge: Dodged            |    44 |   106 |    77 |    32 ||   259

Table legend: (Time is in decaauts)
 A = Elapsed time spent in this place.
 B = Non-inter-level travel time spent in this place.
 C = Inter-level travel time spent in this place.
 D = Time resting spent in this place.
 E = Time spent auto-exploring this place.
 F = Levels seen in this place.
 G = Mean time per level.
                   A        B        C        D        E       F      G
               +--------+--------+--------+--------+--------+-----+--------+
         Total |   6891 |   6696 |    195 |    697 |   4095 |  10 |  689.1 |
       Dungeon |   6280 |   6102 |    178 |    525 |   3951 |   7 |  897.1 |
        Temple |     36 |     19 |     17 |      0 |      0 |   1 |   36.0 |
         Sewer |    197 |    197 |      0 |      0 |    144 |   1 |  197.0 |
        Bailey |    376 |    376 |      0 |    172 |      0 |   1 |  376.0 |
               +--------+--------+--------+--------+--------+-----+--------+

Top non-repeatable levels by time:
     D:5: 1979 daAuts
     D:3: 1078 daAuts
     D:1: 979 daAuts
     D:4: 922 daAuts
     D:6: 688 daAuts
     D:2: 581 daAuts
  Bailey: 376 daAuts
   Sewer: 197 daAuts
     D:7: 51 daAuts
  Temple: 36 daAuts
